 Dungeon Crawl Stone Soup version 0.27.1-4-g1640c2035a (webtiles) character file.

Game seed: 607378421297769002

30 saltiestKirin the Covert (level 3, -1/29 HPs)
             Began as a Vampire Delver on Nov 3, 2021.
             Slain by an iguana (10 damage)
             ... on level 5 of the Dungeon.
             The game lasted 00:02:57 (182 turns).

saltiestKirin the Covert (Vampire Delver)            Turns: 182, Time: 00:02:58

Health: -1/29      AC:  3    Str: 12    XL:     3   Next: 5%
Magic:  3/3        EV: 12    Int: 12    God:
Gold:   0          SH:  0    Dex: 15    Spells: 2/2 levels left

rFire    . . .     SeeInvis +   a - +0 short sword
rCold    . . .     Faith    .   (no shield)
rNeg     . . .     Spirit   .   b - +0 leather armour
rPois    .         Reflect  .   (no helmet)
rElec    .         Harm     .   (no cloak)
rCorr    .         Rampage  .   (no gloves)
Will     .....                  (no boots)
Stlth    ++++......             (no amulet)
HPRegen  0.29/turn              (no ring)
MPRegen  0.08/turn              (no ring)

@: healing quickly
A: alive, fangs 3, see invisible, vampiric 2
a: Exsanguinate


You were on level 5 of the Dungeon.
You visited 1 branch of the dungeon, and saw 1 of its levels.

Inventory:

Hand Weapons
 a - a +0 short sword (weapon)
Armour
 b - a +0 leather armour (worn)
 l - a +0 hat
Wands
 g - a wand of digging (3)
Scrolls
 c - a scroll of fog
 d - a scroll of magic mapping
 e - a scroll of fear
 h - a scroll of identify {unknown}
 j - a scroll of acquirement {unknown}
 k - a scroll of vulnerability {unknown}
Potions
 f - a potion of haste
 i - a potion of brilliance {unknown}


   Skills:
 + Level 3.0 Fighting
 + Level 2.3 Short Blades
 + Level 2.3 Dodging
 + Level 8.2 Stealth


You had 2 spell levels left.
You didn't know any spells.
Your spell library was empty.

Dungeon Overview and Level Annotations

Branches:
Dungeon (5/15)
 Temple: D:4-7

Altars:


Innate Abilities, Weirdness & Mutations

Your natural rate of healing is accelerated.
You have razor-sharp teeth.
You have supernaturally acute eyesight. (SInv)
You are afflicted with vampirism and can become a bat while bloodless.


Message History

You have reached level 3!
Your experience leads to an increase in your attributes!
Increase (S)trength, (I)ntelligence, or (D)exterity?
You feel stronger.
You can now turn into a vampire bat when bloodless.
You start resting.
HP restored.
You start waiting.
An ogre comes into view. It is wielding a +0 giant spiked club.
A centaur skeleton comes into view.
The centaur skeleton moves out of view.
k - a scroll labelled LODOGAHUKH
There are no items here.
You see here a +0 hat.
l - a +0 hat The iguana misses you.
You closely miss the iguana. The iguana bites you!
You hit the iguana.
The iguana is moderately wounded.
The iguana misses you.
You hit the iguana. You bite the iguana, but do no damage.
The iguana is heavily wounded.
The iguana bites you!
Okay, then.
The iguana bites you.
Keep bloodletting?
The centaur skeleton hits you but does no damage.
The centaur skeleton closely misses you.
You begin bloodletting.
You continue bloodletting.
The centaur skeleton misses you.
The centaur skeleton kicks you but does no damage.
The iguana barely misses you.
You continue bloodletting.
The centaur skeleton hits you. The centaur skeleton kicks you.
The iguana bites you.
* * * LOW HITPOINT WARNING * * *
You continue bloodletting.
The centaur skeleton closely misses you.
The centaur skeleton barely misses you. The iguana bites you!
You die...

.# ## ..# #### #. ###
...###..##. ##.#
#........ ##..##
.#..:...(## ##....#####
........@.# ##..##......
.......Zl.####..##.......
...........#...##.....O#.
......................##.
.....................####
.....................# #.
#........................
#........................
........................#


You could see an iguana and a centaur skeleton.

Vanquished Creatures
  A bullfrog zombie (D:5)
1 creature vanquished.

Notes
Turn   | Place    | Note
-------+----------+-------------------------------------------
     0 | D:5      | saltiestKirin the Vampire Delver began the quest for the
                  | Orb.
     0 | D:5      | Reached XP level 1. HP: 17/17 MP: 1/1
     1 | D:5      | Noticed a black bear
    96 | D:5      | Noticed an iguana
   117 | D:5      | Reached skill level 8 in Stealth
   117 | D:5      | Reached XP level 2. HP: 17/24 MP: 2/2
   117 | D:5      | Gained mutation: You are afflicted with vampirism and can
                  | become a bat while bloodless. [Vampire growth]
   117 | D:5      | Reached XP level 3. HP: 20/29 MP: 3/3
   159 | D:5      | Noticed an ogre
   182 | D:5      | Slain by an iguana

Illustrated notes

Levels and vault maps discovered:
D:5:      layout_layer_cave, uniq_edmund

Skill      XL: |  1 |
---------------+----+-----
Fighting       | 3 |  3.0
Stealth        | 8 |  8.2
Short Blades   | |  2.3
Dodging        | |  2.3

Action                   || total
-------------------------++-------
Melee: Short sword       ||    15
       Bite              ||     4
 Abil: Exsanguinate      ||     1
Armor: Leather armour    ||     5
Dodge: Dodged            ||    15
